 Dungeon Crawl Stone Soup version 0.26.0-3-g156281e41b (webtiles) character file.

Game seed: 5507036559162590714

816 lastplaneout the Slicer (level 7, -1/35 HPs)
             Began as a Spriggan Abyssal Knight on Jan 9, 2021.
             Was an Elder of Lugonu.
             Splashed by Ijyb's acid (13 damage)
             ... on level 4 of the Dungeon.
             The game lasted 00:12:12 (4893 turns).

lastplaneout the Slicer (Spriggan Abyssal Knight)   Turns: 4893, Time: 00:12:13

Health: -1/35      AC:  5    Str: 10    XL:     7   Next: 62%
Magic:  9/9        EV: 19    Int: 13    God:    Lugonu [****..]
Gold:   146        SH:  5    Dex: 16    Spells: 6/6 levels left

rFire    . . .     SeeInvis +   i - +2 dagger (venom)
rCold    . . .     Faith    .   (shield restricted)
rNeg     + . .     Spirit   .   b - +0 robe
rPois    .         Reflect  +   (helmet restricted)
rElec    .         Harm     .   u - +2 cloak {Will+}
rCorr    .         Rampage  .   (gloves unavailable)
Will     ++...                  (boots unavailable)
Stlth    +.........             e - amulet of reflection
HPRegen  0.11/turn              j - +4 ring of slaying
MPRegen  0.11/turn              h - ring of positive energy

@: very quick
A: very small, unfitting armour, see invisible, speed 3
a: Renounce Religion, Depart the Abyss, Bend Space, Banish, Corrupt


You were on level 4 of the Dungeon.
You worshipped Lugonu.
Lugonu was greatly pleased with you.
You visited 1 branch of the dungeon, and saw 5 of its levels.
You visited the Abyss 1 time.

You collected 146 gold pieces.

Inventory:

Hand Weapons
 a - a +1 short sword
 f - a +2 dagger of speed
 i - a +2 dagger of venom (weapon)
Armour
 b - a +0 robe (worn)
 u - a +2 cloak of willpower (worn)
Jewellery
 e - an amulet of reflection (around neck)
 h - a ring of positive energy (right hand)
 j - a +4 ring of slaying (left hand)
 n - a cursed ring of teleportation
Wands
 w - a wand of polymorph (8)
Scrolls
 d - a scroll of teleportation
 s - 2 scrolls of identify
 t - a scroll of noise {unknown}
 v - a scroll of magic mapping
Potions
 c - a potion of berserk rage {unknown}
 g - a potion of magic {unknown}
 k - a potion of curing {unknown}
 l - 2 potions of might {unknown}
 m - a potion of haste {unknown}
 o - a potion of flight {unknown}
 p - a potion of mutation {unknown}
 q - a potion of invisibility {unknown}
 r - a potion of heal wounds


   Skills:
 - Level 2.4 Fighting
 + Level 9.5 Short Blades
 - Level 3.5 Dodging
 - Level 0.7 Shields
 - Level 1.7 Invocations


You had 6 spell levels left.
You didn't know any spells.
Your spell library was empty.

Dungeon Overview and Level Annotations

Branches:
Dungeon (5/15)
 Temple: D:4-7

Altars:
Gozag
Vehumet

Annotations:
D:4 Ijyb


Innate Abilities, Weirdness & Mutations

You are very small and have problems with some larger weapons.
You are too small for most types of armour.
You have supernaturally acute eyesight. (SInv)
You cover ground extremely quickly.


Message History

You kill the orc priest!
Lugonu accepts your kill.
You barely miss the ball python. You puncture the ball python!
You kill the ball python!
Lugonu accepts your kill. The frilled lizard misses you.
Things that are here:
a +0 flail; an orc corpse You barely miss the frilled lizard.
You block the frilled lizard's attack.
You hit the frilled lizard.
You kill the frilled lizard!
Lugonu accepts your kill.
Things that are here:
a +0 flail; an orc corpse You see here a club.
Ijyb zaps a wand.
The bolt of acid hits you!!
Ouch! That really hurt!
You are splashed with acid!
You die...

#... #.# ...... ..
####..#### #.# ......
..###........# #.# ......
........)....# #.#####.l....
.......<.....###
#.##.oSgg....
...............#
#....###.....
.##......>...#.###..### ....
#........).#.......#####....
#.........)@g####........ ..
...........................
.
.#.##...........[...#......
#.##...##.............###. #
.....##..........#..#
##....###...#######....
##.#####.....# .###
#.#...<..##.# . #...##...#
... .#


You could see Ijyb.

Vanquished Creatures
  Sigmund (D:4)
  Duvessa (D:3)
  Dowan (D:3)
  An orc priest (D:4)
  Crazy Yiuf (D:3)
  A bullfrog skeleton (D:5)
  Terence (D:2)
  Jessica (D:3)
  An iguana (D:5)
  Natasha (thrice) (D:2)
  2 worker ants (D:4)
  A hound skeleton (D:4)
  Robin (D:1)
  4 gnolls (D:3)
  3 adders
  2 oozes
  2 worms
  2 dart slugs
  A leopard gecko (D:2)
  5 orcs
  2 ball pythons
  9 giant cockroaches
  23 goblins
  12 hobgoblins
  4 jackals (D:2)
  5 kobolds
  A quokka (D:3)
  7 bats
  7 frilled lizards
  4 rats
109 creatures vanquished.

Vanquished Creatures (others)
  An orc wizard (D:4)
1 creature vanquished.

Grand Total: 110 creatures vanquished

Notes
Turn   | Place    | Note
-------+----------+-------------------------------------------
     0 | Abyss:1  | lastplaneout the Spriggan Abyssal Knight began the quest
                  | for the Orb.
     0 | Abyss:1  | Reached XP level 1. HP: 11/11 MP: 3/3
    11 | Abyss:1  | Found a corrupted altar of Lugonu.
    18 | D:1      | Escaped the Abyss
   142 | D:1      | Reached skill level 3 in Short Blades
   142 | D:1      | Reached XP level 2. HP: 16/16 MP: 4/4
   368 | D:1      | Reached ** piety under Lugonu
   722 | D:1      | Reached XP level 3. HP: 15/19 MP: 5/5
   870 | D:1      | Reached skill level 4 in Short Blades
  1079 | D:2      | Noticed Robin
  1407 | D:1      | Killed Robin
  1437 | D:2      | Reached XP level 4. HP: 23/23 MP: 6/6
  1457 | D:2      | Reached *** piety under Lugonu
  1518 | D:2      | Noticed Natasha
  1520 | D:2      | Noticed Terence
  1535 | D:2      | Killed Natasha
  1536 | D:2      | Reached skill level 5 in Short Blades
  1757 | D:2      | Killed Terence
  2027 | D:2      | Found an opulent altar of Gozag.
  2098 | D:2      | Reached XP level 5. HP: 23/27 MP: 7/7
  2134 | D:2      | Noticed Natasha
  2144 | D:2      | Killed Natasha
  2145 | D:2      | Reached skill level 6 in Short Blades
  2202 | D:2      | Noticed Natasha
  2213 | D:2      | Killed Natasha
  3023 | D:3      | Noticed Jessica
  3026 | D:3      | Killed Jessica
  3073 | D:3      | Found a runed translucent door.
  3074 | D:3      | Noticed Crazy Yiuf
  3093 | D:3      | Killed Crazy Yiuf
  3093 | D:3      | Reached **** piety under Lugonu
  3094 | D:3      | Reached skill level 7 in Short Blades
  3094 | D:3      | Reached XP level 6. HP: 14/32 MP: 5/8
  3779 | D:3      | You fall into a shaft and drop 2 floors!
  3779 | D:5      | Entered Level 5 of the Dungeon
  3791 | D:5      | Found a radiant altar of Vehumet.
  4266 | D:4      | Noticed Duvessa
  4266 | D:4      | Noticed Dowan
  4312 | D:3      | Killed Duvessa
  4313 | D:3      | Reached skill level 8 in Short Blades
  4313 | D:3      | Reached XP level 7. HP: 14/35 MP: 9/9
  4549 | D:3      | Killed Dowan
  4568 | D:4      | Noticed Sigmund
  4581 | D:4      | Killed Sigmund
  4582 | D:4      | Reached skill level 9 in Short Blades
  4604 | D:4      | Noticed Ijyb
  4893 | D:4      | Splashed by Ijyb's acid

Illustrated notes

Levels and vault maps discovered:
D:1:      dpeg_arrival_houses_and_road, layout_loops_ring,
          chequers_serial_rivers_room_b, chequers_hall_statues_wall_a
D:2:      layout_loops_ring, marbit_many_paths, minmay_misc_feat_tiny,
          uniq_terence, uniq_natasha, uniq_robin
D:3:      layout_loops_ring, minmay_checkerbox, uniq_crazy_yiuf_cottage,
          uniq_jessica
D:4:      layout_rooms, demons_altar, uniq_ijyb, uniq_blork_the_orc,
          uniq_duvessa, uniq_sigmund
D:5:      layout_loops_corners, lemuel_round_altar

Skill      XL: |  1  2  3  4  5  6  7 |
---------------+----------------------+-----
Short Blades   | 3 4 5 7 8 9 |  9.5
Fighting       | |  2.4
Dodging        | |  3.5
Shields        | |  0.7
Invocations    | |  1.7

Action                   |  1- 3 |  4- 6 |  7- 9 || total
-------------------------+-------+-------+-------++-------
Melee: Short sword       |    29 |       |       ||    29
       Dagger            |   123 |   221 |    34 ||   378
  Use: Scroll            |     3 |     8 |       ||    11
 Stab: Sleeping          |     3 |     1 |       ||     4
Armor: Robe              |    11 |     5 |     2 ||    18
Dodge: Dodged            |   116 |   107 |    10 ||   233
Block: Other             |       |    16 |     4 ||    20
